 Dungeon Crawl Stone Soup version 0.30-a0-778-g2ef04afb54 (webtiles) character file.

Game seed: 10054340301468105732

0 Esekla the Sneak (level 1, 16/16 HPs)
             Began as an Octopode Delver on Feb 16, 2023.
             Quit the game on level 5 of the Dungeon.
             The game lasted 00:00:46 (69 turns).

Esekla the Sneak (Octopode Delver)                    Turns: 69, Time: 00:00:47

Health: 16/16      AC:  1    Str: 11    XL:     1   Next: 0%
Magic:  1/1        EV: 13    Int: 12    God:
Gold:   5          SH:  0    Dex: 13    Spells: 0/0 levels left

rFire   . . .      SeeInvis .    a - +0 long sword
rCold   . . .      Faith    .    (no shield)
rNeg    . . .      Spirit   .    (helmet restricted)
rPois   .          Reflect  .    (no amulet)
rElec   .          Harm     .    (no ring)
rCorr   .          Rampage  .    (no ring)
Will    .....                    (no ring)
Stlth   ++++                     (no ring)
HPRegen 0.22/turn                (no ring)
MPRegen 0.07/turn                (no ring)
                                 (no ring)
                                 (no ring)

@: no status effects
A: almost no armour, amphibious, 8 rings, camouflage 1, gelatinous body 1,
(nimble swimmer 1), tentacles
a: no special abilities


You were on level 5 of the Dungeon.
You visited 1 branch of the dungeon, and saw 1 of its levels.

You collected 5 gold pieces.

Inventory:

Hand Weapons
 a - a +0 long sword (weapon)
Missiles
 i - 6 poisoned darts (quivered)
Wands
 f - a wand of digging (5)
Scrolls
 b - a scroll of fog
 d - a scroll of fear
 g - a scroll of identify {unknown}
 h - a scroll of amnesia {unknown}
Potions
 c - a potion of invisibility {unknown}
 e - a potion of haste


   Skills:
 + Level 3.0 Fighting
 + Level 2.0 Long Blades
 + Level 2.0 Dodging
 + Level 6.6 Stealth


You couldn't memorise any spells.
You didn't know any spells.
Your spell library contained the following spells:

 Spells                   Type           Power      Damage    Failure   Level
 Call Canine Familiar     Summ           0%         N/A       69%         3
 Portal Projectile        Hex/Tloc       0%         N/A       69%         3
 Leda's Liquefaction      Hex/Erth       0%         N/A       97%         4


Dungeon Overview and Level Annotations

Branches:
Dungeon (5/15)
 Temple: D:4-7

Altars:
Okawaru
Uskayaw


Innate Abilities, Weirdness & Mutations

You cannot wear most types of armour.
You are amphibious.
You can wear up to eight rings at the same time.
Your skin changes colour to match your surroundings (Stealth+).
Your rubbery body absorbs attacks. (AC +1, EV +1)
((You are camouflaged when in or above water. (Stealth+)))
You have tentacles for arms and can constrict up to eight enemies at once.


Message History

It is said that the Orb of Zot exists deep within this dungeon.
Press ? for a list of commands and other information.
Found 5 gold pieces.
Found an escape hatch in the floor.
Found a stone staircase leading down.
Found 2 stones.
You now have 5 gold pieces.
As you read the scroll of magic mapping, it crumbles to dust.
You feel aware of your surroundings.
You sensed 2 altars.
Found a long sword.
Found a glowing blue potion.
Found a scroll labelled WAEBIJUERPH.
Found a hide-covered altar of Uskayaw.
c - a glowing blue potion
g - a scroll labelled WAEBIJUERPH
Found a stone staircase leading up.
Found a wand of digging (2).
Found a book of the Hunter.
You are now empty-tentacled.
You drop a +0 falchion.
You see here a +0 long sword.
a - a +0 long sword (weapon)
Found a leather armour.
f - a wand of digging (5) (gained 2 charges)
An ice beast comes into view.
You see here a book of the Hunter.
You pick up a book of the Hunter and begin reading...
You add the spells Call Canine Familiar, Portal Projectile and Leda's Liquefaction to your library.
An adder comes into view.
Found 11 gold pieces.
Found a stone staircase leading up.
Found a black potion and a club.
Found a scroll labelled CORUARCH LAFESS and 6 poisoned darts.
Found 20 gold pieces.
A scorpion comes into view.
As you open the door, it creaks loudly!
You hear an angry hiss.
Found an iron altar of Okawaru.
h - a scroll labelled CORUARCH LAFESS
There are no items here.
You see here 6 poisoned darts.
i - 6 poisoned darts An iguana comes into view.
Are you sure you want to abandon this character and quit the game? (Confirm with "yes".)

**,,,,,,,##...+_'..###
#.....
*,*,,,,.#....###.l..###....#
*****,,...........#..<....##
**,,#.$.......#......##.
**,*##.......###.....#..
*,,,,###.....##..#......
**,*** #.........#...... *,*
###......###...... ***
#@s........##.....
*##......#...#.....
*,.......##..##....
*#.................
##........####....
*.........#.(#....
*#........#.(#._..
####.....#..#....
**,,..####....


You could see a scorpion.

Vanquished Creatures (others)
  8 plants (D:5)
8 creatures vanquished.

Notes
Turn   | Place    | Note
-------+----------+-------------------------------------------
     0 | D:5      | Esekla the Octopode Delver began the quest for the Orb.
     0 | D:5      | Reached XP level 1. HP: 16/16 MP: 1/1
     7 | D:5      | Found a hide-covered altar of Uskayaw.
    10 | D:5      | Noticed a +0 hand axe
    11 | D:5      | Noticed a +0 hand axe
    32 | D:5      | Noticed an orc wizard
    32 | D:5      | Noticed an orc wizard
    33 | D:5      | Noticed an orc wizard
    33 | D:5      | Noticed an orc wizard
    37 | D:5      | Noticed an ice beast
    56 | D:5      | Noticed a scorpion
    57 | D:5      | Found an iron altar of Okawaru.
    67 | D:5      | Noticed an iguana
    69 | D:5      | Quit the game

Illustrated notes

Levels and vault maps discovered:
D:5:      layout_cave_pools, kennysheep_mini_moat, dancing_weapons_uskayaw,
          serial_bayou, serial_bayou_shore_b, serial_bayou_pond_c,
          serial_bayou_ford_a, serial_bayou_pond_e, serial_bayou_shore_b,
          minmay_a_box_with_orc_wizards_in_it

Action                     || total
---------------------------++-------
    Use: Scroll            ||     1

Table legend: (Time is in decaauts)
 A = Elapsed time spent in this place.
 B = Non-inter-level travel time spent in this place.
 C = Inter-level travel time spent in this place.
 D = Time resting spent in this place.
 E = Time spent auto-exploring this place.
 F = Levels seen in this place.
 G = Mean time per level.
                   A        B        C        D        E       F      G
               +--------+--------+--------+--------+--------+-----+--------+
         Total |     68 |     68 |      0 |      0 |      0 |   1 |   68.0 |
       Dungeon |     68 |     68 |      0 |      0 |      0 |   1 |   68.0 |
               +--------+--------+--------+--------+--------+-----+--------+

Top non-repeatable levels by time:
     D:5: 68 daAuts
